 Dungeon Crawl Stone Soup version 0.21-a0-349-g0c35859 (webtiles) character file.

89 saturnerianis the Charmwright (level 4, -8/38 HPs)
             Began as a Gnoll Skald on Oct 7, 2017.
             Mangled by a gnoll
             ... wielding a +0 halberd
              (12 damage)
             ... on level 3 of the Dungeon.
             The game lasted 00:03:22 (2454 turns).

saturnerianis the Charmwright (Gnoll Skald)         Turns: 2454, Time: 00:03:22

Health: -8/38      AC:  4    Str: 13    XL:     4   Next: 55%
Magic:  7/11       EV: 14    Int: 15    God:
Gold:   117        SH:  0    Dex: 16    Spells: 8/13 levels left

rFire    . . .     SeeInvis .   p - +4 dagger
rCold    + . .     Gourm    .   (no shield)
rNeg     . . .     Faith    .   b - +1 leather armour
rPois    .         Spirit   .   (no helmet)
rElec    .         Reflect  .   (no cloak)
rCorr    .         Harm     .   (no gloves)
MR       .....                  (no boots)
Stlth    ++........             (no amulet)
HPRegen  0.12/turn              o - ring of flight
MPRegen  0.12/turn              q - ring of protection from cold

@: infused, singing
A: distributed training, fangs 1, strong nose
a: Evoke Flight


You were on level 3 of the Dungeon.
You were not hungry.

You visited 1 branch of the dungeon, and saw 3 of its levels.

You collected 117 gold pieces.

Inventory:

Hand Weapons
 p - a +4 dagger (weapon)
Missiles
 g - 52 stones (quivered)
 n - 11 poisoned needles
Armour
 b - a +1 leather armour (worn)
Jewellery
 o - a ring of flight (left hand)
 q - a ring of protection from cold (right hand)
Scrolls
 e - 2 scrolls of amnesia
Potions
 h - 2 potions of degeneration {unknown}
 i - a potion of curing {unknown}
 j - 2 potions of might {unknown}
 k - a potion of mutation {unknown}
 l - 2 potions of ambrosia {unknown}
Books
 c - a book of Battle

   Spells                             Type                      Level
   a - Infusion                       Charms                       1
   b - Shroud of Golubria             Charms/Translocation         2
   c - Song of Slaying                Charms                       2
   d - Spectral Weapon                Hexes/Charms                 3
   e - Regeneration                   Charms/Necromancy            3
Comestibles
 d - a bread ration
 f - a royal jelly


   Skills:
 + Level 4.6 Fighting
 + Level 1.1 Short Blades
 + Level 1.1 Long Blades
 + Level 1.1 Axes
 + Level 1.1 Maces & Flails
 + Level 4.6 Polearms
 + Level 1.1 Staves
 + Level 1.1 Slings
 + Level 1.1 Bows
 + Level 1.1 Crossbows
 + Level 1.1 Throwing
 + Level 2.7 Armour
 + Level 4.6 Dodging
 + Level 1.1 Stealth
 + Level 1.1 Shields
 + Level 1.1 Unarmed Combat
 + Level 5.1 Spellcasting
 + Level 1.1 Conjurations
 + Level 1.1 Hexes
 + Level 6.6 Charms
 + Level 1.1 Summonings
 + Level 1.1 Necromancy
 + Level 1.1 Translocations
 + Level 1.1 Transmutations
 + Level 1.1 Fire Magic
 + Level 1.1 Ice Magic
 + Level 1.1 Air Magic
 + Level 1.1 Earth Magic
 + Level 1.1 Poison Magic
 + Level 1.1 Invocations
 + Level 1.1 Evocations


You had 8 spell levels left.
You knew the following spells:

 Your Spells              Type           Power        Failure   Level  Hunger
a - Infusion              Chrm           ###.         1%          1    None
b - Song of Slaying       Chrm           ###.....     1%          2    ##.....
c - Shroud of Golubria    Chrm/Tloc      ###.......   6%          2    ##.....


Dungeon Overview and Level Annotations

Branches:
Dungeon (3/15)

Altars:
Kikubaaqudgha


Innate Abilities, Weirdness & Mutations

Your experience applies equally to all skills.
You have very sharp teeth.
Your uncanny sense of smell can sniff out nearby items.


Message History

The gnoll is moderately wounded.
The gnoll misses you. The gnoll closely misses you.
The gnoll completely misses you.
Throwing (i - inventory):
g - 54 stones (quivered)
Press: ? - help, Shift-Dir - straight line, f/p - gnoll
Aim: a gnoll, wielding a halberd (moderately wounded)
You throw a stone.
The stone hits the gnoll but does no damage.
The gnoll is moderately wounded.
The gnoll hits you from afar with a halberd.
* * * LOW HITPOINT WARNING * * *
The gnoll closely misses you. x2
There are monsters nearby!
Throwing (i - inventory):
g - 53 stones (quivered)
Press: ? - help, Shift-Dir - straight line, f/p - gnoll
Aim: a gnoll, wielding a halberd (moderately wounded)
You throw a stone. The stone barely misses the gnoll.
The stone closely misses the gnoll.
The gnoll hits you from afar with a halberd!
You die...

#. #. ###.
... .. . #.
##(#
#.#####.....
#.<...g$.#
#.##@.gg#..
#. #..g.# #.
........#
#..........#
#...........
......(....#
#####...#.###
#...#.#


You could see 4 gnolls.

Vanquished Creatures
  3 adders
  2 oozes
  3 worms (D:2)
  2 dart slugs (D:1)
  4 bats
  3 giant cockroaches
  8 goblins
  6 hobgoblins
  A ball python (D:2)
  3 frilled lizards
  5 kobolds
  2 rats (D:2)
42 creatures vanquished.

Notes
Turn   | Place    | Note
-------+----------+-------------------------------------------
     0 | D:1      | saturnerianis the Gnoll Skald began the quest for the Orb.
     0 | D:1      | Reached XP level 1. HP: 20/20 MP: 6/6
    75 | D:1      | Reached XP level 2. HP: 16/26 MP: 7/7
    79 | D:1      | Learned a level 2 spell: Song of Slaying
    82 | D:1      | Learned a level 2 spell: Shroud of Golubria
   882 | D:1      | Reached XP level 3. HP: 31/31 MP: 9/9
   992 | D:1      | Reached skill level 5 in Spellcasting
  1129 | D:2      | Found an ancient bone altar of Kikubaaqudgha.
  1570 | D:2      | Reached skill level 1 in Short Blades
  1570 | D:2      | Reached skill level 1 in Long Blades
  1570 | D:2      | Reached skill level 1 in Axes
  1570 | D:2      | Reached skill level 1 in Maces & Flails
  1570 | D:2      | Reached skill level 1 in Staves
  1570 | D:2      | Reached skill level 1 in Slings
  1570 | D:2      | Reached skill level 1 in Bows
  1570 | D:2      | Reached skill level 1 in Crossbows
  1570 | D:2      | Reached skill level 1 in Throwing
  1570 | D:2      | Reached skill level 1 in Stealth
  1570 | D:2      | Reached skill level 1 in Shields
  1570 | D:2      | Reached skill level 1 in Unarmed Combat
  1570 | D:2      | Reached skill level 1 in Conjurations
  1570 | D:2      | Reached skill level 1 in Hexes
  1570 | D:2      | Reached skill level 1 in Summonings
  1570 | D:2      | Reached skill level 1 in Necromancy
  1570 | D:2      | Reached skill level 1 in Translocations
  1570 | D:2      | Reached skill level 1 in Transmutations
  1570 | D:2      | Reached skill level 1 in Fire Magic
  1570 | D:2      | Reached skill level 1 in Ice Magic
  1570 | D:2      | Reached skill level 1 in Air Magic
  1570 | D:2      | Reached skill level 1 in Earth Magic
  1570 | D:2      | Reached skill level 1 in Poison Magic
  1570 | D:2      | Reached skill level 1 in Invocations
  1570 | D:2      | Reached skill level 1 in Evocations
  1576 | D:2      | Reached XP level 4. HP: 11/38 MP: 0/11
  2454 | D:3      | Mangled by a gnoll

Vault maps used:
D:1:      mrwooster_arrival_statue_3
D:2:      kiku_gazebo_pond_becter, minmay_heptomino_l4
D:3:      old_standard_altar, first_bread, minmay_crystal_water

Skill      XL: |  1  2  3 |
---------------+----------+-----
Spellcasting   | 5 |  5.1
Short Blades   | 1 |  1.1
Long Blades    | 1 |  1.1
Axes           | 1 |  1.1
Maces & Flails | 1 |  1.1
Staves         | 1 |  1.1
Slings         | 1 |  1.1
Bows           | 1 |  1.1
Crossbows      | 1 |  1.1
Throwing       | 1 |  1.1
Stealth        | 1 |  1.1
Shields        | 1 |  1.1
Unarmed Combat | 1 |  1.1
Conjurations   | 1 |  1.1
Hexes          | 1 |  1.1
Summonings     | 1 |  1.1
Necromancy     | 1 |  1.1
Translocations | 1 |  1.1
Transmutations | 1 |  1.1
Fire Magic     | 1 |  1.1
Ice Magic      | 1 |  1.1
Air Magic      | 1 |  1.1
Earth Magic    | 1 |  1.1
Poison Magic   | 1 |  1.1
Invocations    | 1 |  1.1
Evocations     | 1 |  1.1
Fighting       | |  4.6
Polearms       | |  4.6
Armour         | |  2.7
Dodging        | |  4.6
Charms         | |  6.6

Action                   |  1- 3 |  4- 6 || total
-------------------------+-------+-------++-------
Melee: Spear             |   125 |    34 ||   159
       Bite              |     9 |     3 ||    12
       Dagger            |       |     6 ||     6
       Punch             |       |     1 ||     1
Throw: Stone             |    56 |    43 ||    99
 Cast: Shroud of Golubri |     1 |     1 ||     2
       Infusion          |     1 |     1 ||     2
       Song of Slaying   |     1 |     1 ||     2
  Use: Scroll            |     1 |     1 ||     2
 Stab: Sleeping          |     3 |       ||     3
  Eat: Chunk             |     2 |     2 ||     4
       Bread ration      |       |     1 ||     1
Armor: Leather armour    |    16 |     2 ||    18
Dodge: Dodged            |    63 |    34 ||    97

Table legend:
 A = Spawn XP
 B = Non-spawn XP
 C = Spawn XP percentage of total XP
 D = Spawn monster count
 E = Non-spawn monster count
 F = Spawn count percentage of total count
 G = Total turns spent on level
                    A         B        C        D         E        F      G
               +---------+---------+-------+---------+---------+-------+---------
         Total |       0 |     128 |   0.0 |       0 |      42 |   0.0 |  2454
               +---------+---------+-------+---------+---------+-------+---------
           D:1 |       0 |      38 |   0.0 |       0 |      16 |   0.0 |  1091
           D:2 |       0 |      77 |   0.0 |       0 |      25 |   0.0 |  1273
           D:3 |       0 |      13 |   0.0 |       0 |       1 |   0.0 |    90
               +---------+---------+-------+---------+---------+-------+---------
